 Dungeon Crawl Stone Soup version 0.18.1-50-g88ac8fd (webtiles) character file.

143 Inkary the Chopper (level 5, -3/46 HPs)
             Began as a Hill Orc Abyssal Knight on Sept 18, 2016.
             Was a Believer of Lugonu.
             Slain by a giant frog (4 damage)
             ... on level 3 of the Dungeon on Sept 21, 2016.
             The game lasted 00:07:49 (2326 turns).

Inkary the Chopper (Hill Orc Abyssal Knight)        Turns: 2326, Time: 00:07:50

Health: -3/46      AC:  4    Str: 16    XL:     5   Next: 25%
Magic:  5/6        EV: 10    Int: 12    God:    Lugonu [**....]
Gold:   68         SH:  3    Dex: 10    Spells: 0 memorised, 4 levels left

rFire  . . .     SeeInvis .     a - +1 hand axe
rCold  . . .     Gourm    .     b - +0 leather armour
rNeg   . . .     Faith    .     o - +0 buckler
rPois  .         Spirit   .     (no helmet)
rElec  .         Dismiss  .     u - +0 cloak
rCorr  .         Reflect  .     (no gloves)
SustAt .         Harm     .     (no boots)
MR     .....                    (no amulet)
Stlth  +.........               (no ring)
                                (no ring)

@: not resistant to hostile enchantments, very unstealthy
A: no striking features
a: Depart the Abyss, Bend Space, Renounce Religion


You were on level 3 of the Dungeon.
You worshipped Lugonu.
Lugonu was pleased with you.
You were not hungry.

You visited 1 branch of the dungeon, and saw 3 of its levels.
You visited the Abyss 1 time.

You collected 68 gold pieces.

Inventory:

Hand Weapons
 a - a +1 hand axe (weapon)
Armour
 b - a +0 leather armour (worn)
 o - a +0 buckler (worn)
 u - a +0 cloak (worn)
Jewellery
 g - an uncursed ring of positive energy {unknown}
Wands
 r - a wand of digging (1/24)
Scrolls
 f - 2 scrolls of remove curse {unknown}
 p - a scroll of random uselessness {unknown}
 s - a scroll of magic mapping {unknown}
 t - a scroll of teleportation {unknown}
Potions
 d - 3 potions of heal wounds
 e - a potion of cure mutation {unknown}
 l - a potion of curing {unknown}
 n - 2 potions of haste
 q - a potion of agility
 v - 2 potions of lignification {unknown}
Comestibles
 c - 4 bread rations
 h - 2 chunks of flesh
 i - a slice of pizza
 j - 3 fruits
 k - a meat ration
 w - a beef jerky


   Skills:
 - Level 4.1 Fighting
 * Level 5.6 Axes
 - Level 3.1 Armour
 - Level 0.7 Dodging
 + Level 1.4 Shields
 - Level 2.4 Invocations


You had 4 spell levels left.
You didn't know any spells.

Dungeon Overview and Level Annotations

Branches:
Dungeon (3/15)

Altars:
Pakellas
Vehumet
Yredelemnul


Message History

You are too injured to fight recklessly!
Space bends around you!
You blink.
* * * LOW HITPOINT WARNING * * *
You feel slightly more hungry.
A rat comes into view.
There is a stone staircase leading down here.
A giant frog comes into view.
The giant frog gives a loud, deep croak!
You block the giant frog's attack.
You barely miss the giant frog. The giant frog completely misses you.
The giant frog hits you!
* * * LOW HITPOINT WARNING * * *
You slash the giant frog!
The giant frog is heavily wounded.
The giant frog hits you but does no damage.
Space bends around you!
You blink.
* * * LOW HITPOINT WARNING * * *
You feel slightly more hungry. You block the giant frog's attack.
The giant frog hits you.
You die...

#.......+
##.###.## #<##
##.# #.# #.#
#.## ##.#
##.###.## #+#
##...## #.#
##.########.#
#..@Fr..##.##
#######.#...##
#####......#
#(.....l..##
#.###.##.##
#[#
#.##.####...
#.#
#......r..#
#.#
####>######
#.######.#


You could see a giant frog and a rat.

Vanquished Creatures
  Jessica (D:3)
  Terence (D:3)
  2 adders (D:2)
  3 oozes
  A worm (D:3)
  4 dart slugs
  A giant gecko (D:1)
  3 giant cockroaches
  8 goblins
  7 hobgoblins
  4 jackals (D:3)
  5 bats
  A giant newt (D:2)
  5 kobolds (D:1)
  5 rats
51 creatures vanquished.

Notes
Turn   | Place    | Note
--------------------------------------------------------------
     0 | Abyss:1  | Inkary the Hill Orc Abyssal Knight began the quest for the Orb.
     0 | Abyss:1  | Reached XP level 1. HP: 19/19 MP: 2/2
    55 | Abyss:1  | Noticed a chaos spawn
    55 | Abyss:1  | Noticed a starcursed mass
    56 | D:1      | Escaped the Abyss
   244 | D:1      | Reached * piety under Lugonu
   244 | D:1      | Reached skill level 3 in Axes
   305 | D:1      | Reached XP level 2. HP: 19/27 MP: 3/3
   613 | D:1      | Reached XP level 3. HP: 22/33 MP: 4/4
  1369 | D:2      | Reached skill level 4 in Axes
  1404 | D:2      | Found a radiant altar of Vehumet.
  1430 | D:2      | Reached XP level 4. HP: 33/40 MP: 5/5
  1568 | D:2      | Found an oddly glowing altar of Pakellas.
  1670 | D:2      | Reached ** piety under Lugonu
  1763 | D:2      | Found a basalt altar of Yredelemnul.
  2221 | D:3      | Noticed Jessica
  2229 | D:3      | Killed Jessica
  2229 | D:3      | Reached skill level 5 in Axes
  2229 | D:3      | Reached skill level 1 in Shields
  2268 | D:3      | Noticed Terence
  2300 | D:3      | Killed Terence
  2300 | D:3      | Reached XP level 5. HP: 23/46 MP: 6/6
  2326 | D:3      | HP: 1/46 [spatial distortion (4)]
  2326 | D:3      | Slain by a giant frog

Skill      XL: |  1  2  3  4 |
---------------+-------------+-----
Axes           | 3 4 5 |  5.6
Fighting       | 4 |  4.1
Armour         | 3 |  3.1
Shields        | 1 |  1.4
Dodging        | |  0.7
Invocations    | |  2.4

Action                   |  1- 3 |  4- 6 || total
-------------------------+-------+-------++-------
Melee: Hand axe          |    84 |   100 ||   184
Invok: Depart the Abyss  |     1 |       ||     1
       Bend Space        |       |     2 ||     2
  Use: Scroll            |       |     3 ||     3
  Eat: Chunk             |     2 |     3 ||     5
Armor: Leather armour    |    16 |    18 ||    34
Dodge: Dodged            |    49 |    40 ||    89
Block: Buckler           |       |    18 ||    18
